 Dungeon Crawl Stone Soup version 0.22-a0-110-g5b255cf (webtiles) character file.

22 Marihuanna the Insei (level 2, -1/26 HPs)
             Began as a Draconian Monk on Jan 27, 2018.
             Slain by an adder (4 damage)
             ... on level 2 of the Dungeon.
             The game lasted 00:03:00 (1536 turns).

Marihuanna the Insei (Draconian Monk)               Turns: 1536, Time: 00:03:01

Health: -1/26      AC:  4    Str: 13    XL:     2   Next: 68%
Magic:  2/2        EV: 13    Int: 10    God:
Gold:   55         SH:  0    Dex: 13    Spells: 1/1 levels left

rFire    . . .     SeeInvis .     - Unarmed
rCold    . . .     Gourm    .   (no shield)
rNeg     . . .     Faith    .   (armour unavailable)
rPois    .         Spirit   .   (helmet restricted)
rElec    .         Reflect  .   (no cloak)
rCorr    .         Harm     .   (no gloves)
MR       .....                  (no boots)
Stlth    ++........             (no amulet)
HPRegen  0.08/turn              (no ring)
MPRegen  0.08/turn              (no ring)

@: lethally poisoned (-1 -> -4)
A: unfitting armour, cold-blooded, AC +4
a: no special abilities


You were on level 2 of the Dungeon.
You were not hungry.

You visited 1 branch of the dungeon, and saw 2 of its levels.

You collected 55 gold pieces.

Inventory:

Scrolls
 b - 2 scrolls of enchant weapon {unknown}
 c - a scroll of noise {unknown}
 g - a scroll of remove curse {unknown}
Potions
 e - a potion of ambrosia {unknown}
 f - a potion of brilliance {unknown}
 h - 2 potions of curing {unknown}
Comestibles
 a - 3 rations
 d - a chunk of flesh


   Skills:
 - Level 3.2 Fighting
 + Level 3.2 Dodging
 - Level 1.7 Stealth
 + Level 3.5 Unarmed Combat


You had one spell level left.
You didn't know any spells.

Dungeon Overview and Level Annotations

Branches:
Dungeon (2/15)

Altars:

Annotations:
D:2 Jessica


Innate Abilities, Weirdness & Mutations

Your plain brown scales are hard. (AC +4)
You cannot fit into any form of body armour.
You are cold-blooded and may be slowed by cold attacks.


Message History

The adder misses you.
You barely miss the adder. The adder bites you.
* * * LOW HITPOINT WARNING * * *
You are poisoned.
The adder poisons you!
You barely miss the adder.
You tail-slap the adder, but do no damage.
You feel sick. The adder bites you.
* * * LOW HITPOINT WARNING * * *
You closely miss the adder. The adder misses you.
You miss the adder.
* * * LOW HITPOINT WARNING * * *
You feel sick. The adder completely misses you. The adder misses you.
You hit the adder.
The adder is lightly wounded.
The adder bites you.
* * * LOW HITPOINT WARNING * * *
* * * LOW HITPOINT WARNING * * *
You feel sick. The adder bites you.
You die...

#####.# #.....#
#.###.# #...#.#
###.#.# #.#.#
##############.#.#
..............>#'####
...#######.###..@...#
...# #.# #.S....#
...# #####'###@.....#
...# #......g.......#
...# #.......########
รท..# #.......# ...#
#.......# ...#
#.......# ...#
#.......#


You could see an adder, Jessica and a hobgoblin.

Vanquished Creatures
  2 dart slugs (D:1)
  2 goblins
  2 hobgoblins (D:1)
  3 kobolds (D:1)
  5 bats
  A frilled lizard (D:2)
  2 rats
17 creatures vanquished.

Notes
Turn   | Place    | Note
-------+----------+-------------------------------------------
     0 | D:1      | Marihuanna the Draconian Monk began the quest for the Orb.
     0 | D:1      | Reached XP level 1. HP: 19/19 MP: 1/1
   831 | D:1      | Reached XP level 2. HP: 23/26 MP: 2/2
  1484 | D:2      | Noticed Jessica
  1536 | D:2      | Slain by an adder

Vault maps used:
D:1:      minmay_arrival_arboretum_small
D:2:      kennysheep_cross_room, nicolae_ashenzari_panopticon, uniq_jessica

Skill      XL: |  1 |
---------------+----+-----
Dodging        | 3 |  3.2
Fighting       | |  3.2
Stealth        | |  1.7
Unarmed Combat | |  3.5

Action                   || total
-------------------------++-------
Melee: Unarmed           ||    60
       Tailslap          ||     6
 Stab: Sleeping          ||     1
  Eat: Chunk             ||     2
Armor: Skin              ||    29
Dodge: Dodged            ||    66

Table legend:
 A = Spawn XP
 B = Non-spawn XP
 C = Spawn XP percentage of total XP
 D = Spawn monster count
 E = Non-spawn monster count
 F = Spawn count percentage of total count
 G = Total turns spent on level
                    A         B        C        D         E        F      G
               +---------+---------+-------+---------+---------+-------+---------
         Total |       0 |      32 |   0.0 |       0 |      17 |   0.0 |  1536
               +---------+---------+-------+---------+---------+-------+---------
           D:1 |       0 |      25 |   0.0 |       0 |      12 |   0.0 |  1399
           D:2 |       0 |       7 |   0.0 |       0 |       5 |   0.0 |   137
               +---------+---------+-------+---------+---------+-------+---------
